 Dungeon Crawl Stone Soup version 0.31.0-4-g52a2dc7128 (webtiles) character file.

Game seed: 13105046109431297434

127 Persephone the Shooter (level 5, -2/30 HPs)
             Began as a Kobold Hunter on Jan 22, 2024.
             Slain by a black bear (5 damage)
             ... on level 3 of the Dungeon.
             The game lasted 00:03:28 (2389 turns).

Persephone the Shooter (Kobold Hunter)              Turns: 2389, Time: 00:03:29

Health: -2/30      AC:  3    Str:  8    XL:     5   Next: 33%
Magic:  5/5        EV: 14    Int: 10    God:
Gold:   125        SH:  0    Dex: 21    Spells: 4/4 levels left

rFire   . . .        a - +0 shortbow
rCold   . . .        (shield currently unavailable)
rNeg    . . .        c - +0 leather armour
rPois   .            (no helmet)
rElec   .            (no cloak)
rCorr   .            (no gloves)
SInv    .            (no boots)
Will    .....        (no amulet)
Stlth   ++++         (no ring)
HPRegen 0.25/turn    (no ring)
MPRegen 0.09/turn

%: no passive effects
@: no status effects
A: small, no large weapons, nightstalker 3
a: no special abilities


You were on level 3 of the Dungeon.
You visited 1 branch of the dungeon, and saw 3 of its levels.

You collected 125 gold pieces.

Inventory:

Hand Weapons
 a - a +0 shortbow (weapon)
Armour
 c - a +0 leather armour (worn)
Jewellery
 j - a +6 ring of intelligence
 o - a +6 ring of intelligence
Scrolls
 g - a scroll of blinking {unknown}
 l - a scroll of identify {unknown}
 n - a scroll of poison {unknown}
 q - a scroll of immolation {unknown}
 t - a scroll of amnesia {unknown}
Potions
 d - a potion of might {unknown}
 e - a potion of haste {unknown}
 h - a potion of brilliance {unknown}
 i - a potion of invisibility {unknown}
 k - a potion of curing {unknown}
 m - a potion of heal wounds {unknown}
 p - a potion of magic {unknown}
 r - a potion of berserk rage {unknown}
 s - a potion of attraction {unknown}
 u - a potion of cancellation {unknown}


   Skills:
 - Level 2.2 Fighting
 + Level 7.2 Ranged Weapons
 - Level 2.4 Dodging
 + Level 4.3 Stealth


You had 4 spell levels left.
You didn't know any spells.
Your spell library was empty.

Dungeon Overview and Level Annotations

Branches:
Dungeon (3/15)

Altars:

Shops:
D:2 [


Innate Abilities, Weirdness & Mutations

You are small and have problems with some larger weapons.
You are completely attuned to the shadows.


Message History

As you read the scroll labelled ROBAUDIHIE, it crumbles to dust.
You assume a fearsome visage.
The black bear looks frightened!
It was a scroll of fear.
Fire: a) +0 shortbow
Press: ? - help, Shift-Dir - straight line, f/p - black bear
Aim: a black bear (moderately wounded, fleeing, 72% to hit)
You shoot an arrow. The arrow hits the black bear!
Your attack snaps the black bear out of its fear.
The black bear is heavily wounded.
Fire: a) +0 shortbow
Press: ? - help, Shift-Dir - straight line, f/p - black bear
Aim: a black bear (heavily wounded, 72% to hit)
You shoot an arrow. The arrow barely misses the black bear.
The black bear bites you. The black bear misses you.
The black bear closely misses you.
Fire: a) +0 shortbow
Press: ? - help, Shift-Dir - straight line, f/p - black bear
Aim: a black bear (heavily wounded, 72% to hit)
You shoot an arrow. The arrow hits the black bear!
The black bear is almost dead.
The black bear completely misses you. The black bear closely misses you.
The black bear claws you.
The black bear goes berserk!
Fire: a) +0 shortbow
Press: ? - help, Shift-Dir - straight line, f/p - black bear
Aim: a black bear (almost dead, berserk, 72% to hit)
You shoot an arrow.
The arrow hits the black bear but does no damage.
The black bear is almost dead.
The black bear closely misses you. The black bear completely misses you.
The black bear claws you.
Fire: a) +0 shortbow
Press: ? - help, Shift-Dir - straight line, f/p - black bear
Aim: a black bear (almost dead, berserk, 72% to hit)
You shoot an arrow. The arrow hits the black bear!
The black bear is almost dead.
The black bear barely misses you. The black bear closely misses you.
The black bear claws you. The black bear bites you!
* * * LOW HITPOINT WARNING * * *
The black bear misses you. The black bear claws you.
You die...

.# .# ######################
.....................#
#..###########.#######
....######...#.##...#
................#.#.########
....###......#.##.#........#
....#..........h@.#####.####
....#.#.....##.#### #.#
....#.#....#...# #.# ....#
..####.### ######.# #####
####.# #.#....# ##....#
#.##.### ######...#.###
#.##.# #...##.#.#...# #....#
#.#)##.#r....# #.######


You could see a black bear (berserk).

Vanquished Creatures
  Jessica (D:3)
  A gnoll (D:3)
  2 adders
  2 ribbon worms (D:2)
  An orc (D:3)
  6 bats
  9 endoplasms
  6 goblins
  7 hobgoblins
  3 jackals (D:1)
  7 quokkas
  4 ball pythons (D:3)
  3 frilled lizards
  5 kobolds
  6 rats
63 creatures vanquished.

Notes
Turn   | Place    | Note
-------+----------+-------------------------------------------
     0 | D:1      | Persephone the Kobold Hunter began the quest for the Orb.
     0 | D:1      | Reached XP level 1. HP: 12/12 MP: 1/1
   175 | D:1      | Reached XP level 2. HP: 17/17 MP: 2/2
   294 | D:1      | Reached skill level 6 in Ranged Weapons
   489 | D:1      | Noticed a great orb of eyes
   494 | D:1      | Found a faded altar of an unknown god.
   494 | D:1      | Noticed a glass eye
   505 | D:1      | Reached XP level 3. HP: 20/21 MP: 3/3
   508 | D:1      | Noticed an eye of devastation
   535 | D:1      | Noticed a shining eye
   951 | D:2      | Reached XP level 4. HP: 22/26 MP: 4/4
  1376 | D:2      | Found Dema's Armour Shop.
  1973 | D:3      | Noticed Jessica
  1976 | D:3      | Killed Jessica
  1977 | D:3      | Reached skill level 7 in Ranged Weapons
  1998 | D:3      | Reached XP level 5. HP: 30/30 MP: 5/5
  2318 | D:3      | Noticed a black bear
  2389 | D:3      | Slain by a black bear

Illustrated notes

Levels and vault maps discovered:
D:1:      erik_arrival_orb_chamber, layout_basic,
          hellmonk_ecumenical_altar_watching_god, minmay_tripent
D:2:      minmay_chambers_of_ones, layout_basic, serial_shops, shop,
          fountainhead, small_statue_intersection
D:3:      minmay_recursive_quarters, layout_basic, lemuel_round_altar,
          grunt_ministairs_1, uniq_natasha, uniq_jessica, uniq_grinder

Skill      XL: |  1  2  3  4  5 |
---------------+----------------+-----
Ranged Weapons | 6 7 |  7.2
Stealth        | 3 4 |  4.3
Fighting       | |  2.2
Dodging        | |  2.4

Action                     |  1- 3 |  4- 6 || total
---------------------------+-------+-------++-------
   Fire: Shortbow          |    82 |    75 ||   157
    Use: Scroll            |       |     3 ||     3
 Armour: Leather armour    |    17 |    22 ||    39
  Dodge: Dodged            |    22 |    31 ||    53
